 Dungeon Crawl Stone Soup version 0.18-a0-1372-gd644665 (webtiles) character file.

82 M4edhros the Insei (level 4, 0/31 HPs)
             Began as an Octopode Monk on Feb 21, 2016.
             Succumbed to a scorpion's poison
             ... on level 3 of the Dungeon.
             The game lasted 00:01:59 (438 turns).

M4edhros the Insei (Octopode Monk)                   Turns: 438, Time: 00:01:59

Health: 0/31       AC:  1    Str: 15    XL:     4   Next: 43%
Magic:  4/4        EV: 13    Int: 12    God:
Gold:   31         SH:  0    Dex: 15    Spells: 0 memorised, 3 levels left

rFire  . . .     SeeInvis .       - Unarmed
rCold  . . .     Gourm    .     (no shield)
rNeg   . . .     Faith    .     (helmet restricted)
rPois  .         Spirit   .     (no amulet)
rElec  .         Dismiss  .     (no ring)
rCorr  .         Reflect  .     (no ring)
SustAt .         Harm     .     (no ring)
MR     .....                    (no ring)
Stlth  ++++......               (no ring)
                                (no ring)
                                (no ring)
                                (no ring)

@: mighty, lethally poisoned (0 -> -7), flying, not resistant to hostile
enchantments, stealthy
A: almost no armour, amphibious, 8 rings, constrict 8, camouflage 1, gelatinous
body 1
a: no special abilities


You were on level 3 of the Dungeon.
You were not hungry.

You visited 1 branch of the dungeon, and saw 3 of its levels.

You collected 31 gold pieces.

Inventory:

Armour
 g - a +0 hat
Scrolls
 c - a scroll of magic mapping {unknown}
 d - a scroll of enchant armour {unknown}
Comestibles
 a - 2 bread rations
 f - a slice of pizza
 h - a meat ration


   Skills:
 + Level 3.5 Fighting
 + Level 3.5 Dodging
 + Level 3.2 Stealth
 + Level 4.8 Unarmed Combat


You had 3 spell levels left.
You didn't know any spells.

Dungeon Overview and Level Annotations

Branches:
Dungeon (3/15)

Altars:


Innate Abilities, Weirdness & Mutations

You cannot wear most types of armour.
You are amphibious.
You can wear up to eight rings at the same time.
You can use your tentacles to constrict eight enemies at once.
Your skin changes colour to match your surroundings (Stealth).
Your rubbery body absorbs attacks (AC +1).


Message History

The scorpion poisons you!
Drink which item? (? for menu, Esc to quit)
It was a potion of flight.
You feel very buoyant.
You fly up into the air.
You constrict the scorpion.
You feel sick. The scorpion misses you.
Drink which item? (? for menu, Esc to quit)
It was a potion of might.
You feel very mighty all of a sudden.
You constrict the scorpion.
* * * LOW HITPOINT WARNING * * *
You feel sick. The scorpion stings you.
* * * LOW HITPOINT WARNING * * *
You bludgeon the scorpion!
You kill the scorpion!
Your Stealth skill increases to level 3!
You have reached level 4!
You barely miss the jackal. You grab the jackal.
You constrict the jackal, but do no damage.
You die...

#.####.####.# #.# #......#
#.########### ###.........
.##+# #.......#########
.....###................
........................
...............#........
.......@................
.......##h###....#...#....
.......##h........<#....[.
........#h..........###...
........#.....##....+ #+
#........#.....##....#<..
#.........................
................#........
.###.####......†.....##.....


You could see 3 jackals.

Vanquished Creatures
  A scorpion (D:3)
  An adder (D:2)
  2 oozes
  A worm (D:2)
  A goblin (D:2)
  2 hobgoblins
  3 jackals
  A bat (D:3)
  A giant newt (D:2)
  A kobold (D:1)
14 creatures vanquished.

Notes
Turn   | Place    | Note
--------------------------------------------------------------
     0 | D:1      | M4edhros the Octopode Monk began the quest for the Orb.
     0 | D:1      | Reached XP level 1. HP: 16/16 MP: 1/1
   216 | D:2      | Reached XP level 2. HP: 15/21 MP: 2/2
   304 | D:2      | Reached XP level 3. HP: 14/26 MP: 3/3
   413 | D:3      | Noticed a scorpion
   436 | D:3      | HP: 1/26 [scorpion (6)]
   437 | D:3      | Killed a scorpion
   437 | D:3      | Reached XP level 4. HP: 1/31 MP: 4/4
   438 | D:3      | Succumbed to a scorpion's poison

Vault maps used:
D:1:      dpeg_arrival_rooms_a, serial_forest, infiniplex_forest_straight_3,
          infiniplex_forest_join, infiniplex_forest_straight_4,
          infiniplex_forest_corner_2, infiniplex_forest_zigzag_1
D:2:      grunt_temple_overflow_open, first_bread
D:3:      minmay_crystal_water

Action                   |  1- 3 |  4- 6 || total
-------------------------+-------+-------++-------
Melee: Unarmed           |    37 |     1 ||    38
  Use: Potion            |     2 |       ||     2
 Stab: Sleeping          |     2 |       ||     2
